 Dungeon Crawl Stone Soup version 0.29-a0-39-g581ba40fa7 (webtiles) character file.

Game seed: 6549634033081960094

29213 Jannitor the Nimble (level 13, -4/94 HPs)
             Began as a Djinni Delver on Feb 1, 2022.
             Was the Champion of Makhleb.
             Slain by an anaconda simulacrum (24 damage)
             ... in an ice cave.
             The game lasted 00:38:31 (17096 turns).

Jannitor the Nimble (Djinni Delver)                Turns: 17096, Time: 00:38:33

Health: -4/94      AC: 12    Str: 11    XL:     13   Next: 79%
Gold:   709        EV: 13    Int: 23    God:    Makhleb [******] SH:  0 Dex: 15

rFire   + + .      SeeInvis .   i - -2 demon trident
rCold   . . .      Faith    .   (no shield)
rNeg    . . .      Spirit   .   u - +0 troll leather armour
rPois   ∞          Reflect  .   (no helmet)
rElec   .          Harm     .   (no cloak)
rCorr   .          Rampage  .   q - +2 pair of gloves of Protective Custody {rC+ Int+6}
Will    +....                   (boots unavailable)
Stlth   ++........              G - amulet of regeneration
HPRegen 1.85/turn               y - +4 ring of slaying
MPRegen 0.00/turn               k - +4 ring of protection

@: about to teleport, flying, very slightly contaminated, constricted
A: sickness immunity, fire resistance 2, cold vulnerability 1, float, innate
caster, HP casting, extra vitality 1
a: Renounce Religion, Minor Destruction, Lesser Servant of Makhleb, Major
Destruction, Greater Servant of Makhleb


You were in an ice cave.
You worshipped Makhleb.
Makhleb was exalted by your worship.
You visited 2 branches of the dungeon, and saw 14 of its levels.
You also visited: Ice Cave.

You collected 800 gold pieces.
You spent 91 gold pieces at shops.

Inventory:

Hand Weapons
 a - a +0 short sword
 i - a -2 demon trident (weapon)
Missiles
 D - 6 curare-tipped darts (quivered)
Armour
 q - the +2 pair of gloves of Protective Custody (worn) {rC+ Int+6}
   (You found it on level 2 of the Dungeon)

   Int:       It affects your intelligence (+6).
   rC:        It protects you from cold.
 u - a +0 troll leather armour (worn)
 v - a +0 kite shield
 x - +0 acid dragon scales
 I - a +2 tower shield of cold resistance
Jewellery
 e - a ring of resist corrosion
 k - a +4 ring of protection (right hand)
 y - a +4 ring of slaying (left hand)
 E - a ring of wizardry
 G - an amulet of regeneration (around neck)
Wands
 g - a wand of digging (11)
 m - a wand of mindburst (9)
 z - a wand of iceblast (8)
Scrolls
 b - a scroll of holy word
 c - 4 scrolls of fog
 d - 3 scrolls of magic mapping
 f - 5 scrolls of enchant armour
 h - 6 scrolls of teleportation
 j - 3 scrolls of amnesia
 o - 10 scrolls of identify
 C - a scroll of summoning
Potions
 l - 3 potions of curing
 n - 2 potions of mutation {unknown}
 p - a potion of magic
 r - 2 potions of brilliance {unknown}
 s - a potion of resistance {unknown}
 t - a potion of berserk rage {unknown}
 w - a potion of lignification {unknown}
 A - 8 potions of ambrosia
 B - 2 potions of heal wounds {unknown}
 F - a potion of degeneration {unknown}
 H - a potion of might {unknown}


   Skills:
 + Level 9.2 Fighting
 - Level 3.2 Short Blades
 * Level 9.7 Polearms
 - Level 5.1 Armour
 + Level 9.9 Dodging
 - Level 4.2 Stealth
 * Level 9.4 Spellcasting
 + Level 6.8 Invocations


You had 12 spell levels left.
You knew the following spells:

 Your Spells              Type           Power      Damage    Failure   Level
a - Sting                 Tmut/Pois      100%       1d8       1%          1
b - Passwall              Tmut/Erth      43%        N/A       1%          2
c - Ozocubu's Armour      Ice            52%        N/A       1%          3
d - Stone Arrow           Conj/Erth      100%       3d13      1%          3
e - Summon Lightning Spi  Summ/Air       52%        N/A       1%          4
f - Fireball              Conj/Fire      26%        3d12      4%          5
Your spell library was empty.

Dungeon Overview and Level Annotations

Branches:
Dungeon (11/15)            Temple (0/1) D:6            Lair (3/6) D:10
 Shoals (0/4) Lair:3        Snake (0/4) Lair:3          Orc (0/2) D:9
  IceCv (1/1)

Altars:
Dithmenos
Fedhas
Gozag
Makhleb
Okawaru
Uskayaw
Vehumet
Wu Jian
Xom
Zin
The Shining One

Shops:
D:2 *   D:3 *   D:5 *   D:9 *

Annotations:
D:2 1 runed translucent door, Crazy Yiuf, Sigmund
D:3 Ijyb
D:4 Grinder, Pargi
D:7 2 transporters
D:8 3 runed translucent doors, balagan2's ghost, novice GnCA


Innate Abilities, Weirdness & Mutations

You are immune to sickness and miasma.
You are immune to poison.
Your flesh is very heat resistant. (rF++)
You are vulnerable to cold. (rC-)
You float through the air rather than walking.
You learn spells naturally, not from books.
Your magical power is your life essence.
You have superior vitality. (+4 MHP)


Message History

An anaconda simulacrum comes into view.
Casting: Fireball (dangerous; 4% risk of failure)
Confirm with . or Enter, or press ? or * to list all spells.
Aiming: Fireball (dangerous; 4% risk of failure)
Press: ? - help, Shift-Dir - straight line, f - anaconda simulacrum
Aim: an anaconda simulacrum (heavily damaged)
You miscast Fireball.
You are very lightly contaminated with residual magic.
Nothing appears to happen.
The ufetubus misses you. The ufetubus barely misses you.
The anaconda simulacrum grabs you. The anaconda simulacrum bites you!
The anaconda simulacrum freezes you!! The anaconda simulacrum constricts you.
Unknown command.
Okay, then.
Unknown command.
Okay, then.
Unknown command.
Unknown command.
Okay, then.
Unknown command.
Casting: Fireball (dangerous; 4% risk of failure)
Confirm with . or Enter, or press ? or * to list all spells.
Okay, then.
Unknown command.
Unknown command.
As you read the scroll of teleportation, it crumbles to dust.
You feel strangely unstable.
The anaconda simulacrum bites you but does no damage.
The anaconda simulacrum constricts you.
The ufetubus hits you but does no damage. x2
The anaconda simulacrum bites you! The anaconda simulacrum freezes you!!
* * * LOW HITPOINT WARNING * * *
Unknown command.
You feel better. The anaconda simulacrum misses you.
The anaconda simulacrum constricts you.
* * * LOW HITPOINT WARNING * * *
The anaconda simulacrum bites you.
* * * LOW HITPOINT WARNING * * *
The anaconda simulacrum freezes you!!
You die...

### #..
.. ##.#
#ZZ# #@##
#55##
###ZZ.#
#§○#Z..#
##.#ZZ.#
##.###..#
#§.##
...#
##.○§#
#...#
#§○☼§#
#..#


You could see 2 anaconda simulacra, an elephant simulacrum, 2 cane toad
simulacra, a polar bear simulacrum, a troll simulacrum and 2 ufetubi.

Vanquished Creatures
  3 hydras
  Erica (D:9)
  2 two-headed ogres
  Sonja (Lair:1)
  An elephant (Lair:2)
  4 centaur zombies (D:11)
  A torpor snail (Lair:2)
  4 cane toads (Lair:2)
  3 komodo dragons
  An anaconda simulacrum (IceCv)
  A polar bear (Lair:2)
  2 trolls
  A hornet (D:10)
  3 dream sheep (Lair:2)
  5 blink frogs (Lair:1)
  A shadow (D:11)
  A vampire (D:10)
  4 wyverns
  33 yaks
  2 death yak simulacra (IceCv)
  A vampire mosquito (D:9)
  A naga (Lair:3)
  7 water moccasins
  3 acid dragons
  2 sky beasts (D:7)
  6 orc warriors
  2 black bears (D:10)
  A necrophage (D:8)
  5 ogres
  2 wolves (Lair:3)
  3 centaurs
  2 phantoms
  Blork the orc (D:6)
  A kobold brigand (D:6)
  8 bullfrogs
  A scorpion (D:3)
  4 two-headed ogre simulacra (IceCv)
  2 cane toad simulacra (IceCv)
  A water moccasin skeleton (D:7)
  2 elephant simulacra (IceCv)
  A howler monkey (D:8)
  25 killer bees
  5 wights
  2 jellies (D:5)
  A bullfrog zombie (D:5)
  2 hounds (D:6)
  3 orc priests
  A centaur skeleton (D:7)
  An iguana (D:5)
  10 orc wizards
  3 polar bear simulacra
  4 spriggan simulacra (IceCv)
  5 troll simulacra (IceCv)
  A wolf simulacrum (Lair:3)
  A hound zombie (D:5)
  5 gnolls
  8 adders
  A naga simulacrum (IceCv)
  7 white imps
  4 ufetubi
  A worm (D:2)
  4 dart slugs
  44 orcs
  8 endoplasms
  6 giant cockroaches
  7 goblins
  8 hobgoblins
  4 jackals
  6 kobolds
  6 quokkas
  10 ball pythons
  3 bats
  2 frilled lizards (D:1)
  6 rats
334 creatures vanquished.

Vanquished Creatures (collateral kills)
  A two-headed ogre (D:9)
  3 elephants (Lair:2)
  A centaur zombie (D:11)
  A black mamba (Lair:2)
  A komodo dragon (Lair:1)
  A queen bee (Lair:2)
  12 yaks
  A basilisk (Lair:1)
  2 water moccasins
  2 wolves (Lair:3)
  A bullfrog (D:10)
  A cane toad simulacrum (Lair:3)
  15 killer bees
  A howler monkey (D:10)
  An orc wizard (D:11)
  A wolf simulacrum (Lair:3)
  A naga simulacrum (IceCv)
  An orc (D:11)
47 creatures vanquished.

Vanquished Creatures (others)
  A kobold (D:6)
  41 fungi
  35 plants
  6 withered plants (D:11)
83 creatures vanquished.

Grand Total: 464 creatures vanquished

Notes
Turn   | Place    | Note
-------+----------+-------------------------------------------
     0 | D:5      | Jannitor the Djinni Delver began the quest for the Orb.
     0 | D:5      | Reached XP level 1. HP: 20/20 MP: 0/0
    22 | D:5      | Noticed a jelly
    52 | D:5      | Noticed an orc priest
   116 | D:5      | Noticed a +0 hand axe
   116 | D:5      | Noticed a +0 dagger
   117 | D:5      | Found a hide-covered altar of Uskayaw.
   482 | D:3      | Found an iron altar of Okawaru.
   541 | D:4      | Reached XP level 2. HP: 14/25 MP: 0/0
   772 | D:3      | Noticed Grinder
   786 | D:3      | HP: 1/25 [giant cockroach (1)]
  1071 | D:3      | Reached XP level 3. HP: 19/30 MP: 0/0
  1071 | D:3      | Learned a level 1 spell: Sting
  1325 | D:3      | Found a burning altar of Makhleb.
  1589 | D:3      | Reached XP level 4. HP: 22/35 MP: 0/0
  1707 | D:3      | Found Qywi's General Store.
  1716 | D:3      | Bought a potion of curing for 36 gold pieces
  1812 | D:3      | Noticed Ijyb
  1972 | D:2      | Reached skill level 1 in Spellcasting
  2516 | D:2      | Found a runed translucent door.
  2517 | D:2      | Noticed Crazy Yiuf
  2559 | D:2      | Identified the +2 pair of gloves of Protective Custody {rC+
                  | Int+6}
  2963 | D:2      | Found Soyg Elu's General Store.
  3196 | D:2      | Noticed Sigmund
  3326 | D:2      | Reached XP level 5. HP: 27/40 MP: 0/0
  3326 | D:2      | Learned a level 2 spell: Passwall
  4298 | D:1      | Found a faded altar of an unknown god.
  5362 | D:4      | Noticed Pargi
  5428 | D:3      | Reached XP level 6. HP: 24/47 MP: 0/0
  5604 | D:3      | Became a worshipper of Makhleb the Destroyer
  5666 | D:5      | Noticed an ogre
  5680 | D:5      | Killed an ogre
  5765 | D:5      | Reached XP level 7. HP: 46/52 MP: 0/0
  5765 | D:5      | Learned a level 3 spell: Ozocubu's Armour
  6014 | D:5      | Found Vomoy's Lightly-Used Armoury.
  6022 | D:5      | Bought a -2 demon trident for 55 gold pieces
  6095 | D:5      | Found a glowing golden altar of the Shining One.
  6124 | D:5      | Reached skill level 1 in Polearms
  6605 | D:4      | Found a shadowy altar of Dithmenos.
  6606 | D:4      | You are sucked into a shaft and drop 3 floors!
  6650 | D:6      | Noticed Blork the orc
  6968 | D:7      | Reached XP level 8. HP: 25/58 MP: 0/0
  7196 | D:7      | Reached * piety under Makhleb
  7527 | D:7      | Found a blossoming altar of Fedhas.
  7810 | D:7      | Reached skill level 5 in Fighting
  7963 | D:7      | Reached skill level 5 in Dodging
  8092 | D:7      | Noticed a manticore
  8094 | D:7      | Found a shimmering altar of Xom.
  8099 | D:7      | Found a transporter.
  8118 | D:7      | Found a transporter.
  8249 | D:6      | Found a staircase to the Ecumenical Temple.
  8714 | D:6      | Reached XP level 9. HP: 54/65 MP: 0/0
  8714 | D:6      | Learned a level 3 spell: Stone Arrow
  9650 | D:6      | Killed Blork the orc
  9717 | D:8      | Found a runed translucent gate.
  9717 | D:8      | Found a runed translucent gate.
  9717 | D:8      | Found a runed translucent gate.
 10099 | D:8      | Reached skill level 5 in Spellcasting
 10309 | D:8      | Noticed a two-headed ogre
 10312 | D:8      | Reached skill level 1 in Armour
 10553 | D:7      | Reached skill level 5 in Polearms
 10576 | D:7      | Reached XP level 10. HP: 63/72 MP: 0/0
 10582 | D:8      | Reached skill level 1 in Invocations
 10829 | D:8      | Killed a two-headed ogre
 11089 | D:8      | Found an opulent altar of Gozag.
 11091 | D:8      | Noticed balagan2's ghost (novice GnCA)
 11108 | D:8      | Noticed a manticore
 11145 | D:8      | Found an ornate altar of the Wu Jian Council.
 11580 | D:9      | Found Pese's General Store.
 11936 | D:9      | Reached ** piety under Makhleb
 12328 | D:9      | Noticed Erica
 12346 | D:9      | Killed Erica
 12347 | D:9      | Reached XP level 11. HP: 45/78 MP: 0/0
 12347 | D:9      | Learned a level 4 spell: Summon Lightning Spire
 12394 | D:9      | Found a staircase to the Orcish Mines.
 12601 | D:9      | Paralysed by an orc warrior for 3 turns
 12653 | D:10     | Entered Level 10 of the Dungeon
 12665 | D:10     | Noticed a two-headed ogre
 12756 | D:9      | Killed a two-headed ogre
 12926 | D:10     | Reached *** piety under Makhleb
 13080 | D:10     | Found a staircase to the Lair.
 14135 | D:11     | Reached XP level 12. HP: 84/86 MP: 0/0
 14365 | D:11     | Reached skill level 5 in Armour
 14469 | D:11     | Found a glowing silver altar of Zin.
 14469 | D:11     | Noticed an angel
 14573 | D:11     | Noticed a two-headed ogre
 14579 | D:11     | Killed a two-headed ogre
 14727 | Lair:1   | Entered Level 1 of the Lair of Beasts
 14774 | Lair:1   | Reached **** piety under Makhleb
 14968 | Lair:1   | Reached skill level 5 in Invocations
 15032 | Lair:1   | Noticed Sonja
 15037 | Lair:1   | Killed Sonja
 15039 | Lair:1   | Noticed a four-headed hydra
 15047 | Lair:1   | Killed a four-headed hydra
 15632 | Lair:2   | Reached XP level 13. HP: 86/93 MP: 0/0
 15632 | Lair:2   | Learned a level 5 spell: Fireball
 15654 | Lair:2   | Reached ***** piety under Makhleb
 15985 | Lair:2   | Noticed an eight-headed hydra
 16006 | Lair:2   | Killed an eight-headed hydra
 16030 | Lair:2   | Noticed a four-headed hydra
 16036 | Lair:2   | Killed a four-headed hydra
 16570 | Lair:3   | Found a staircase to the Shoals.
 16627 | Lair:3   | Found a staircase to the Snake Pit.
 16662 | Lair:3   | Found a frozen archway.
 16712 | IceCv    | Entered an ice cave
 17093 | IceCv    | Reached ****** piety under Makhleb
 17096 | IceCv    | Slain by an anaconda simulacrum

Illustrated notes

Levels and vault maps discovered:
D:1:      dpeg_arrival_water_fire, layout_loops_ring,
          shapermc_ecumenical_altar_venn
D:2:      layout_basic, serial_shops, shop, uniq_sigmund,
          uniq_crazy_yiuf_cottage
D:3:      layout_rooms, okawaru_metal_pillars_1_2, mainiacjoe_overflow_alcove_1,
          serial_shops, shop, uniq_grinder, uniq_ijyb
D:4:      layout_gridville, general_overflow_altar, nicolae_overflow_squiral,
          grunt_qazlal_sundering, hangedman_minor_gate_pass, uniq_pargi
D:5:      layout_cave_pods, tso_altar, dancing_weapons_uskayaw,
          minmay_shop_damaged, kennysheep_generic_room_10
D:6:      layout_rooms, minmay_temple_entry_large_hall, uniq_blork_the_orc
D:7:      layout_loops_corners, fedhas_altar_fruit_tree,
          gammafunk_temple_overflow_arena, skrybe_limestone_x
D:8:      layout_basic, mainiacjoe_overflow_catch_the_wave, ebering_ghost_gozag
D:9:      layout_rooms, david_orc_2, serial_shops, shop, uniq_erica
D:10:     layout_grid_maze, due_lair_maze_entry_diamond
D:11:     layout_grid_maze, serial_undead, serial_undead_b, serial_undead_e,
          serial_undead_b, serial_undead_b, chequers_decorated_corner, zin_angel
Lair:1:   layout_regular_city, nicolae_lair_lil_pond, uniq_sonja
Lair:2:   layout_roguey, special_room [special_room_bee], grunt_megastairs_2
Lair:3:   layout_cave_pods, minmay_shoals_entry_beasts,
          guppyfry_snake_entry_island, portal_ice_cave_entry_ice_simulacra,
          bobbens_dragon_lair_wall
IceCv:    ice_cave_caverns_01

Skill      XL: |  1  2  3  4  5  6  7  8  9 10 11 12 13 |
---------------+----------------------------------------+-----
Short Blades   | 2 3 |  3.2
Dodging        | 3 4 5 6 7 8 9 |  9.9
Spellcasting   | 1 2 3 4 5 6 7 8 9 |  9.4
Fighting       | 4 5 6 7 8 9 |  9.2
Polearms       | 2 3 5 6 7 8 9 |  9.7
Armour         | 1 3 4 5 |  5.1
Invocations    | 3 4 5 6 |  6.8
Stealth        | |  4.2

Action                   |  1- 3 |  4- 6 |  7- 9 | 10-12 | 13-15 || total
-------------------------+-------+-------+-------+-------+-------++-------
Melee: Short sword       |    74 |   160 |    17 |       |       ||   251
       Punch             |       |     1 |     9 |     2 |     1 ||    13
       Demon trident     |       |       |   189 |   155 |    42 ||   386
 Cast: Sting             |     9 |    57 |    49 |     6 |       ||   121
       Ozocubu's Armour  |       |       |    11 |     7 |     1 ||    19
       Stone Arrow       |       |       |    39 |   231 |   103 ||   373
       Summon Lightning  |       |       |       |    28 |    13 ||    41
       Fireball          |       |       |       |       |    35 ||    35
Evoke: Wand              |       |       |       |     6 |       ||     6
  Use: Scroll            |     2 |     2 |     4 |     5 |     2 ||    15
       Potion            |     1 |       |       |     4 |     1 ||     6
 Stab: Sleeping          |     1 |    11 |     4 |       |       ||    16
       Distracted        |       |       |       |     3 |       ||     3
       Paralysed         |       |       |       |     3 |       ||     3
Armor: Leather armour    |    18 |    44 |   155 |    18 |       ||   235
       Troll leather arm |       |       |       |    98 |    61 ||   159
Dodge: Dodged            |    55 |   110 |   176 |   217 |   116 ||   674

Table legend: (Time is in decaauts)
 A = Elapsed time spent in this place.
 B = Non-inter-level travel time spent in this place.
 C = Inter-level travel time spent in this place.
 D = Time resting spent in this place.
 E = Time spent auto-exploring this place.
 F = Levels seen in this place.
 G = Mean time per level.
                   A        B        C        D        E       F      G
               +--------+--------+--------+--------+--------+-----+--------+
         Total |  17098 |  16487 |    611 |   3678 |   9579 |  15 | 1139.9 |
       Dungeon |  14740 |  14220 |    520 |   3366 |   8194 |  11 | 1340.0 |
          Lair |   1975 |   1885 |     90 |    151 |   1260 |   3 |  658.3 |
      Ice Cave |    383 |    383 |      0 |    161 |    125 |   1 |  383.0 |
               +--------+--------+--------+--------+--------+-----+--------+

Top non-repeatable levels by time:
     D:2: 2096 daAuts
     D:7: 1885 daAuts
     D:8: 1687 daAuts
     D:5: 1510 daAuts
     D:3: 1436 daAuts
  Lair:2: 1146 daAuts
     D:4: 1101 daAuts
     D:1: 1094 daAuts
    D:10: 1049 daAuts
     D:9: 1003 daAuts
     D:6: 969 daAuts
    D:11: 905 daAuts
  Lair:1: 740 daAuts
   IceCv: 383 daAuts
  Lair:3: 89 daAuts
